 Dungeon Crawl Stone Soup version 0.26-a0-667-g92642533e4 (webtiles) character file.

Game seed: 4838798406719922508

72 djmy96 the Sneak (level 4, -3/26 HPs)
             Began as a Vampire Brigand on Oct 17, 2020.
             Slain by a gnoll
             ... wielding a +2 halberd of venom
              (15 damage)
             ... on level 2 of the Dungeon.
             The game lasted 00:02:02 (1378 turns).

djmy96 the Sneak (Vampire Brigand)                  Turns: 1378, Time: 00:02:03

Health: -3/26      AC:  3    Str:  8 (10) XL:     4   Next: 6%
Magic:  4/4        EV:  6    Int: 11 (13) God:
Gold:   52         SH:  0    Dex: 15 (16) Spells: 3/3 levels left

rFire    . . .     SeeInvis +   a - +2 dagger
rCold    + + .     Faith    .   (no shield)
rNeg     + + +     Spirit   .   b - +0 robe
rPois    ∞         Reflect  .   (no helmet)
rElec    .         Harm     .   c - +0 cloak
rCorr    .         Rampage  .   (no gloves)
MR       .....                  (no boots)
Stlth    ++++++....             (no amulet)
HPRegen  0.00/turn              (no ring)
MPRegen  0.09/turn              (no ring)

@: held, bloodless
A: fangs 3, see invisible, unbreathing
a: Bat Form, Revivify


You were on level 2 of the Dungeon.
You visited 1 branch of the dungeon, and saw 2 of its levels.

You collected 52 gold pieces.

Inventory:

Hand Weapons
 a - a +2 dagger (weapon)
Missiles
 d - 8 poisoned darts (quivered)
 e - 2 curare-tipped darts
 f - 30 stones
 i - 4 javelins
Armour
 b - a +0 robe (worn)
 c - a +0 cloak (worn)
Wands
 l - a wand of digging (1)
Scrolls
 g - a scroll of identify {unknown}
 h - 2 scrolls of teleportation {unknown}
 m - a scroll of fog {unknown}
 n - a scroll of immolation {unknown}
Potions
 j - 2 potions of degeneration {unknown}
 k - a potion of curing {unknown}


   Skills:
 + Level 2.1 Fighting
 + Level 2.7 Short Blades
 + Level 1.6 Throwing
 + Level 1.1 Dodging
 * Level 7.9 Stealth


You had 3 spell levels left.
You didn't know any spells.
Your spell library was empty.

Dungeon Overview and Level Annotations

Branches:
Dungeon (2/15)

Altars:
Uskayaw


Innate Abilities, Weirdness & Mutations

You do not regenerate when monsters are visible.
You are frail without blood (-20% HP).
You can heal yourself when you bite living creatures.
You are immune to poison.
You have razor-sharp teeth.
You have supernaturally acute eyesight. (SInv)
You can survive without breathing.


Message History

The gnoll misses you.
You closely miss the gnoll.
The gnoll is lightly wounded.
The gnoll hits you with a +2 halberd of venom.
The gnoll barely misses you.
You are too injured to fight recklessly!
You are too injured to fight recklessly!
You are too injured to fight recklessly!
You are too injured to fight recklessly!
You are too injured to fight recklessly!
You are too injured to fight recklessly!
You are too injured to fight recklessly!
You are too injured to fight recklessly!
The gnoll throws a throwing net.
The throwing net hits you.
You become entangled in the net!
You see here a throwing net.
You struggle against the net.
The goblin hits you but does no damage.
The gnoll hits you with a +2 halberd of venom!
Ouch! That really hurt!
You die...

#...#####..####.#.##.##....####
#..## ##.##.. #.....'....# #...
#..#.###..#.##....# ..©.
##.#......#.##...)# #####
#........#.##....# 8$_.
##.#.....#.##....#
#).)......##....#
#.#.#......#....#####
#......g@..#....#
#.#.###g####....# ####.
#...###g.# #....# ......
#........####.### ......
K#.........# #.# #......
##.........# #.# .......
..........# #.###<......
.#.######.# #.g..g...... ...
#.# #g#.#####g#.


You could see 2 gnolls and a goblin.

Vanquished Creatures
  4 adders (D:2)
  4 dart slugs
  A ball python (D:1)
  A bat (D:1)
  5 goblins
  3 hobgoblins
  2 jackals (D:2)
  4 kobolds (D:1)
  2 frilled lizards
  4 rats (D:1)
30 creatures vanquished.

Notes
Turn   | Place    | Note
-------+----------+-------------------------------------------
     0 | D:1      | djmy96 the Vampire Brigand began the quest for the Orb.
     0 | D:1      | Reached XP level 1. HP: 16/16 MP: 1/1
    30 | D:1      | Reached skill level 6 in Stealth
   211 | D:1      | Reached XP level 2. HP: 17/17 MP: 2/2
   744 | D:2      | Reached XP level 3. HP: 11/21 MP: 3/3
   826 | D:2      | Reached skill level 7 in Stealth
   872 | D:2      | Found a hide-covered altar of Uskayaw.
  1188 | D:2      | Reached XP level 4. HP: 14/26 MP: 4/4
  1378 | D:2      | Slain by a gnoll

Illustrated notes

Levels and vault maps discovered:
D:1:      ncdulo_wetmaze, layout_basic
D:2:      layout_basic, gammafunk_temple_overflow_arena

Skill      XL: |  1  2  3 |
---------------+----------+-----
Stealth        | 6 7 |  7.9
Fighting       | 2 |  2.1
Short Blades   | |  2.7
Throwing       | |  1.6
Dodging        | |  1.1

Action                   |  1- 3 |  4- 6 || total
-------------------------+-------+-------++-------
Melee: Dagger            |    53 |     9 ||    62
       Bite              |     5 |     1 ||     6
 Abil: Exsanguinate      |     1 |       ||     1
       End Transformatio |     1 |       ||     1
       Bat Form          |     1 |       ||     1
 Stab: Sleeping          |    16 |     1 ||    17
Armor: Robe              |     3 |     2 ||     5
Dodge: Dodged            |    29 |     5 ||    34

Table legend: (Time is in decaauts)
 A = Elapsed time spent in this place.
 B = Non-inter-level travel time spent in this place.
 C = Inter-level travel time spent in this place.
 D = Time resting spent in this place.
 E = Time spent auto-exploring this place.
 F = Levels seen in this place.
 G = Mean time per level.
                   A        B        C        D        E       F      G
               +--------+--------+--------+--------+--------+-----+--------+
         Total |   1364 |   1349 |     15 |      0 |   1107 |   2 |  682.0 |
       Dungeon |   1364 |   1349 |     15 |      0 |   1107 |   2 |  682.0 |
               +--------+--------+--------+--------+--------+-----+--------+

Top non-repeatable levels by time:
     D:1: 889 daAuts
     D:2: 475 daAuts
